 Dungeon Crawl Stone Soup version 0.18-a0-33-g9e10395 (webtiles) character file.

9787 Duffy the Carver (level 11, -9/87 HPs)
             Began as a Human Assassin on Nov 5, 2015.
             Was an Elder of Makhleb.
             Mangled by a spiny frog (13 damage)
             ... on level 1 of the Lair of Beasts.
             The game lasted 00:26:15 (13224 turns).

Duffy the Carver (Human Assassin)                  Turns: 13224, Time: 00:26:16

Health: -9/87      AC: 13    Str: 12    XL:     11   Next: 80%
Magic:  15/15      EV: 15    Int: 13    God:    Makhleb [****..]
Gold:   428        SH:  0    Dex: 16    Spells: 0 memorised, 10 levels left

rFire  . . .     SeeInvis .     a - +3 scimitar (curse)
rCold  . . .     Clarity  .     S - +1 scale mail {rPois}
rNeg   . . .     SustAt   .     (no shield)
rPois  +         Gourm    .     s - +0 helmet
rElec  .         Spirit   .     r - +2 cloak
rCorr  .         Warding  .     E - +0 pair of gloves
rMut   .         Stasis   .     (no boots)
MR     .....                    i - amulet of rage
Stlth  ++........               W - +3 ring of evasion
                                u - +4 ring of slaying

@: not resistant to hostile enchantments, unstealthy
A: no striking features
a: Minor Destruction, Lesser Servant of Makhleb, Major Destruction, Renounce
Religion, Evoke Berserk Rage


You were on level 1 of the Lair of Beasts.
You worshipped Makhleb.
Makhleb was greatly pleased with you.
You were hungry.

You visited 3 branches of the dungeon, and saw 12 of its levels.
You also visited: Ossuary.

You collected 563 gold pieces.
You spent 135 gold pieces at shops.


   Skills:
 + Level 8.4 Fighting
   Level 2.0(7.7) Short Blades
 + Level 11.5(11.6) Long Blades
 - Level 2.0 Throwing
 + Level 4.7 Armour
 - Level 6.8 Dodging
 - Level 4.0 Stealth
 - Level 6.5 Evocations


You had 10 spell levels left.
You didn't know any spells.

Inventory:

Hand Weapons
 a - a cursed +3 scimitar (weapon)
 b - a +0 blowgun
Missiles
 e - 35 poisoned needles
 f - 2 curare-tipped needles
 l - 401 stones
 J - 19 tomahawks
 O - 6 exploding tomahawks (quivered)
 P - 2 throwing nets
Armour
 r - a +2 cloak (worn)
 s - a +0 helmet (worn)
 E - a +0 pair of gloves (worn)
 S - a +1 scale mail of poison resistance (worn)
 T - the cursed +1 ring mail of Esicera {rElec rPois Stlth+, unknown}

   It insulates you from electricity.
   It protects you from poison.
   It makes you more stealthy.
   It has a curse placed upon it.
Jewellery
 i - an amulet of rage (around neck)
 u - a +4 ring of slaying (left hand)
 y - an uncursed ring of protection from cold
 W - a +3 ring of evasion (right hand)
Wands
 p - a wand of paralysis (12)
 t - a wand of fireball (8)
 x - a wand of draining (8)
 K - a wand of paralysis (5)
 Y - a wand of polymorph (14)
 Z - a wand of confusion (6)
Scrolls
 c - 2 scrolls of blinking {unknown}
 d - a scroll of enchant weapon {unknown}
 j - 3 scrolls of remove curse
 k - 2 scrolls of noise {unknown}
 m - 2 scrolls of amnesia {unknown}
 n - 4 scrolls of teleportation
 o - a scroll of recharging {unknown}
 w - a scroll of fog {unknown}
 I - 2 scrolls of random uselessness {unknown}
 Q - a scroll of fear {unknown}
 U - 2 scrolls of immolation {unknown}
 V - a scroll of magic mapping {unknown}
Potions
 h - a potion of curing
 q - a potion of haste
 z - 2 potions of agility
 A - 2 potions of cancellation
 B - 3 potions of lignification
 D - a potion of berserk rage
 H - a potion of might {unknown}
 M - a potion of brilliance
 N - a potion of flight {unknown}
Comestibles
 g - 13 bread rations
 F - 4 beef jerkies
 G - 6 meat rations
 R - 2 slices of pizza
 X - 7 fruits

Dungeon Overview and Level Annotations

Branches:
Dungeon (10/15)            Temple (1/1) D:4            Lair (1/8) D:8
    Orc (0/4) D:10

Altars:
Ashenzari
Cheibriados
Dithmenos
Elyvilon
Fedhas
Gozag
Kikubaaqudgha
Makhleb
Nemelex Xobeh
Okawaru
Qazlal
Ru
Trog
Vehumet
Xom
Yredelemnul
Zin
The Shining One
Beogh

Shops:
D:4 !:==

Annotations:
D:3 1 runed door
D:4 1 exclusion, Blork the orc
D:8 exclusion: downstairs
D:9 exclusion: obsidian statue


Message History

You feel sick. The spiny frog stings you!!
You are lethally poisoned!
The spiny frog poisons you!
Drink which item? (? for menu, Esc to quit)
You feel better. The spiny frog stings you!
You are lethally poisoned!
The spiny frog poisons you!
You barely miss the spiny frog.
The spiny frog is severely wounded.
You feel sick. The spiny frog misses you.
Drink which item? (? for menu, Esc to quit)
You feel much better.
You are feeling hungry.
You feel sick. The spiny frog stings you.
Drink which item? (? for menu, Esc to quit)
You feel better. The spiny frog completely misses you.
You hit the spiny frog.
The spiny frog is severely wounded.
The spiny frog stings you!
Your scale mail prevents you from hitting the spiny frog.
The spiny frog is severely wounded.
The spiny frog misses you.
You barely miss the spiny frog.
The spiny frog is severely wounded.
The spiny frog stings you.
You hit the spiny frog.
The spiny frog is severely wounded.
The spiny frog closely misses you.
You closely miss the spiny frog.
The spiny frog is severely wounded.
The spiny frog misses you.
You closely miss the spiny frog.
The spiny frog is severely wounded.
The spiny frog stings you!
You die...

########## #####
########..##P##P#####.#P#########
..<..............................
.####+#+###.....@F.............♣.
..........#...................♣≈≈
...♣......#..................≈≈P≈
+.≈≈≈.....#.#.##.............≈≈≈≈
#.P♣≈.....#..##P.............≈≈≈≈
#.P♣≈.....#.# #........##P...≈≈≈≈
....≈........ ##........≈P...≈P≈≈
#.........#............#♣≈.$.≈≈≈≈
####..##.##............♣♣≈P..≈≈≈≈


You could see a spiny frog.

Action                   |  1- 3 |  4- 6 |  7- 9 | 10-12 || total
-------------------------+-------+-------+-------+-------++-------
Melee: Dagger            |   109 |    39 |       |       ||   148
       Falchion          |       |   134 |   240 |       ||   374
       Long sword        |       |    12 |       |       ||    12
       Scimitar          |       |       |    98 |   416 ||   514
 Fire: Blowgun           |     6 |     8 |    14 |     9 ||    37
 Abil: Evoke Berserk Rag |       |     1 |     9 |     9 ||    19
  Use: Scroll            |     1 |     2 |     6 |     1 ||    10
       Potion            |       |       |       |     3 ||     3
 Stab: Sleeping          |     6 |     3 |     7 |     1 ||    17
       Distracted        |       |       |     2 |       ||     2
  Eat: Chunk             |     3 |     7 |    17 |    26 ||    53
       Fruit             |       |       |     2 |       ||     2
       Beef jerky        |       |       |     2 |       ||     2

Notes
Turn   | Place    | Note
--------------------------------------------------------------
     0 | D:1      | Duffy the Human Assassin began the quest for the Orb.
     0 | D:1      | Reached XP level 1. HP: 16/16 MP: 1/1
    77 | D:1      | Reached XP level 2. HP: 21/23 MP: 2/2
   286 | D:1      | Reached skill level 3 in Fighting
   871 | D:1      | Reached XP level 3. HP: 25/29 MP: 3/3
  1536 | D:2      | Reached skill level 1 in Evocations
  1890 | D:2      | Found an iron altar of Okawaru.
  1892 | D:2      | Reached XP level 4. HP: 35/35 MP: 4/4
  2376 | D:2      | Reached skill level 1 in Long Blades
  2526 | D:3      | Noticed Robin
  2687 | D:3      | Reached skill level 2 in Evocations
  2764 | D:2      | Reached XP level 5. HP: 38/41 MP: 6/6
  2876 | D:3      | Killed Robin
  2962 | D:3      | Found a white marble altar of Elyvilon.
  3023 | D:3      | Reached skill level 2 in Long Blades
  3181 | D:3      | Noticed a human
  3182 | D:3      | Found a runed door.
  3189 | D:3      | Found a basalt altar of Yredelemnul.
  3467 | D:4      | Found a sand-covered staircase.
  3577 | Ossuary  | Entered an ossuary
  3592 | Ossuary  | Reached XP level 6. HP: 43/47 MP: 6/8
  3600 | Ossuary  | Reached skill level 3 in Evocations
  3604 | Ossuary  | Reached skill level 3 in Long Blades
  3740 | Ossuary  | Reached skill level 4 in Long Blades
  3740 | Ossuary  | Reached skill level 4 in Evocations
  3740 | Ossuary  | Reached XP level 7. HP: 46/52 MP: 8/10
  3942 | Ossuary  | Reached skill level 5 in Evocations
  3950 | Ossuary  | Reached skill level 5 in Long Blades
  4122 | D:4      | Found Wipp's Distillery.
  4130 | D:4      | Bought a potion of heal wounds for 50 gold pieces
  4130 | D:4      | Bought a potion of agility for 40 gold pieces
  4130 | D:4      | Bought a potion of poison for 10 gold pieces
  4130 | D:4      | Bought a potion of degeneration for 10 gold pieces
  4134 | D:4      | Bought a potion of mutation for 25 gold pieces
  4138 | D:4      | Found Eseof's Book Shoppe.
  4231 | D:4      | Noticed Sigmund
  4247 | D:4      | Noticed Edmund
  4266 | D:4      | Reached XP level 8. HP: 52/58 MP: 11/11
  4410 | D:4      | Found Xolieff's Jewellery Shop.
  4742 | D:4      | Killed Sigmund
  4742 | D:4      | Reached skill level 6 in Long Blades
  4742 | D:4      | Reached skill level 6 in Evocations
  4850 | D:4      | Killed Edmund
  5038 | D:4      | Found a staircase to the Ecumenical Temple.
  5043 | Temple   | Entered the Ecumenical Temple
  5435 | D:4      | Noticed Blork the orc
  5721 | D:4      | Found Pugake's Jewellery Emporium.
  5843 | D:4      | Reached skill level 2 in Dodging
  5949 | D:4      | Reached XP level 9. HP: 60/64 MP: 13/13
  6163 | D:5      | Entered Level 5 of the Dungeon
  6170 | D:5      | Reached skill level 7 in Long Blades
  6182 | D:5      | Reached skill level 3 in Dodging
  6250 | D:5      | Noticed Grinder
  6274 | D:5      | Killed Grinder
  6274 | D:5      | Reached skill level 4 in Dodging
  6947 | D:5      | Found a bloodstained altar of Trog.
  6948 | D:5      | Found an iron altar of Okawaru.
  7224 | D:6      | Reached skill level 4 in Fighting
  7224 | D:6      | Reached skill level 8 in Long Blades
  7544 | D:6      | Found a burning altar of Makhleb.
  7597 | D:6      | Became a worshipper of Makhleb the Destroyer
  7845 | D:6      | Noticed emiel's ghost (weakling SpGl)
  7860 | D:6      | Killed emiel's ghost
  7860 | D:6      | Reached skill level 5 in Fighting
  8161 | D:6      | Found a glowing golden altar of the Shining One.
  8435 | D:7      | Got a bloodstained ring mail
  8698 | D:7      | Noticed Prince Ribbit
  8725 | D:7      | Reached XP level 10. HP: 74/74 MP: 14/14
  8727 | D:7      | Killed Prince Ribbit
  8727 | D:7      | Reached skill level 9 in Long Blades
  8831 | D:7      | Reached skill level 6 in Fighting
  8915 | D:7      | Reached skill level 1 in Armour
  9090 | D:7      | Reached skill level 2 in Armour
  9094 | D:7      | Reached * piety under Makhleb
  9243 | D:7      | Found a snail-covered altar of Cheibriados.
  9256 | D:7      | Reached skill level 3 in Armour
  9761 | D:8      | Noticed Pikel
  9762 | D:8      | Found a staircase to the Lair.
  9821 | D:8      | Killed Pikel
  9821 | D:8      | Reached skill level 10 in Long Blades
  9821 | D:8      | Reached skill level 4 in Armour
 10048 | D:8      | Found an opulent altar of Gozag.
 10327 | D:8      | Reached ** piety under Makhleb
 10331 | D:8      | Reached skill level 5 in Dodging
 10350 | D:8      | Reached XP level 11. HP: 68/83 MP: 15/15
 10479 | D:9      | Noticed an obsidian statue
 10985 | D:9      | Reached skill level 7 in Fighting
 11650 | D:10     | Entered Level 10 of the Dungeon
 11689 | D:10     | Noticed Psyche
 11705 | D:10     | Killed Psyche
 11705 | D:10     | Reached skill level 11 in Long Blades
 11705 | D:10     | Reached skill level 6 in Dodging
 11717 | D:10     | Reached *** piety under Makhleb
 11797 | D:10     | Noticed Maud
 11822 | D:10     | Killed Maud
 12257 | D:10     | Noticed a hill giant
 12265 | D:10     | Killed a hill giant
 12265 | D:10     | Reached skill level 8 in Fighting
 12335 | D:10     | Reached **** piety under Makhleb
 12341 | D:10     | Found a roughly hewn altar of Beogh.
 12341 | D:10     | Found a staircase to the Orcish Mines.
 13053 | Lair:1   | Entered Level 1 of the Lair of Beasts
 13101 | Lair:1   | Noticed an eight-headed hydra
 13224 | Lair:1   | Mangled by a spiny frog

Vault maps used:
D:1:      eino_arrival_cavern_e
D:2:      okawaru_metal_pillars_1_2
D:3:      nicolae_overflow_hidden_temple, dk_yredelemnul_ordeal, uniq_robin
D:4:      tgw_sif, serial_shops, nicolae_shop_crystal, shop, shop,
          nicolae_shop_behind_doors, nicolae_ossuary_entry_giza,
          sigmund_edmund_badplayer
D:5:      grunt_temple_overflow_bloody_war, first_bread, uniq_grinder
D:6:      lemuel_coloured_pillars_altar, nicolae_tso_swordbearing_angel
D:7:      old_standard_altar, the_bakery, uniq_prince_ribbit1
D:8:      nicolae_gozag_cash_rules_everything_around_me, dpeg_lair_monsters,
          uniq_pikel
D:9:      minivault_15
D:10:     david_orc_5, serial_column_ruins, column_ruins_courtyard_long,
          column_ruins_open_small, column_ruins_corridor_plus,
          column_ruins_open_small, column_ruins_open_medium,
          column_ruins_open_tiny, column_ruins_open_small,
          kennysheep_another_room, uniq_maud, uniq_psyche
Temple:   minmay_temple_forest_path_12
Lair:1:   serial_bayou, serial_bayou_pond_a, serial_bayou_pond_d,
          serial_bayou_ford_a, serial_bayou_pond_c
Ossuary:  ossuary_minmay_four_chambers

Vanquished Creatures
  Maud Pikel
  A hill giant Psyche
  A spiny frog
  A komodo dragon Grinder Prince Ribbit
  A trapdoor spider zombie
  A spriggan Sigmund
  2 yaks
  A vampire mosquito
  2 hungry ghosts
  2 hippogriffs Edmund
  3 ice beasts
  A slave
  3 orc warriors
  A phantom
  A sky beast
  5 ogres
  2 necrophages
  A crocodile
  3 elf zombies
  3 giant frogs
  3 centaurs
  2 gnoll sergeants
  5 scorpions
  4 wights
  5 crimson imps
  A quasit
  9 orc priests
  2 giant frog zombies
  2 human zombies
  2 iguanas
  12 orc wizards
  2 jellies
  A centaur skeleton
  8 centaur zombies
  3 giant frog skeletons
  3 hounds
  3 worker ants
  2 killer bee zombies
  A sheep
  The ghost of emiel the Ducker, a weakling SpGl
  2 hound skeletons
  4 mummies
  20 gnolls Robin
  9 adders
  2 adder skeletons
  An adder zombie
  5 worms
  5 giant geckos
  78 orcs
  2 giant cockroaches
  7 hobgoblins
  13 jackals
  7 kobolds
  2 quokkas
  8 bats
  A giant gecko skeleton
  8 giant newts
  17 goblins
  2 goblin zombies
  A kobold skeleton
  A quokka zombie
  8 rats
317 creatures vanquished.
